[Event "British KO-ch 2019"]
[Site "London"]
[Date "2019.12.01"]
[Round "1.2"]
[White "Clarke, Brandon G I"]
[Black "McShane, Luke J"]
[Result "1/2-1/2"]
[ECO "C65"]
[WhiteElo "2431"]
[BlackElo "2675"]
[Annotator "ChessBase"]
[PlyCount "71"]
[EventDate "2019.11.30"]
[EventType "k.o."]
[EventCountry "ENG"]
[SourceTitle "playchess.com"]
[Source "ChessBase"]
[SourceQuality "1"]
[TimeControl "5400+30"]

1. e4 e5 2. Nf3 Nc6 3. Bb5 Nf6 4. d3 Bc5 5. c3 O-O 6. Bg5 Be7 7. O-O d6 8. Nbd2 Ng4 9. Bxe7 Nxe7 10. d4 Ng6 11. Re1 Qe7 12. Nf1 Nh4 13. Ng3 Nxf3+ 14. Qxf3 Qf6 15. Qxf6 Nxf6 16. Bc4 Re8 17. f3 Be6 18. Bxe6 Rxe6 19. d5 Ree8 20. c4 a5 21. Ne2 Kf8 22. Nc3 Ke7 23. b3 c6 24. Red1 Nd7 25. Kf2 g6 26. Ke3 h5 27. Rd2 c5 28. g3 h4 29. g4 g5 30. Kd3 Ra6 31. Nb5 Rc8 32. a3 Kd8 33. Rda2 Rca8 34. Kc3 Kc8 35. Rb1 Kd8 36. a4 1/2-1/2

[Event "British KO-ch 2019"]
[Site "London"]
[Date "2019.12.01"]
[Round "1.3"]
[White "McShane, Luke J"]
[Black "Clarke, Brandon G I"]
[Result "1-0"]
[ECO "B51"]
[WhiteElo "2675"]
[BlackElo "2431"]
[Annotator "ChessBase"]
[PlyCount "85"]
[EventDate "2019.11.30"]
[EventType "k.o."]
[EventCountry "ENG"]
[SourceTitle "playchess.com"]
[Source "ChessBase"]
[SourceQuality "1"]
[TimeControl "5400+30"]

1. e4 c5 2. Nf3 d6 3. Bb5+ Nd7 4. d4 cxd4 5. Qxd4 a6 6. Bxd7+ Bxd7 7. Nc3 e5 8. Qd3 Rc8 9. O-O h6 10. Nd2 Qc7 11. Rd1 Bg4 12. Re1 Nf6 13. Nf1 Be7 14. Qg3 g6 15. a4 Be6 16. Ne3 Qc6 17. Qf3 Kf8 18. a5 Kg7 19. Bd2 Qd7 20. Red1 h5 21. Qe2 h4 22. f3 g5 23. Na4 Qc6 24. Nb6 Rcg8 25. c4 Nh5 26. Nbd5 Nf4 27. Qf2 Bf8 28. b3 f6 29. Ng4 Bxg4 30. fxg4 h3 31. g3 Nxd5 32. exd5 Qd7 33. Qf3 Be7 34. Be3 Rc8 35. Ra2 Bd8 36. Qe4 Rf8 37. Rf1 b5 38. axb6 Qb7 39. c5 dxc5 40. Bxg5 Qxb6 41. Raf2 Qd6 42. Rf5 Be7 43. Bh6+ 1-0

[Event "British KO-ch 2019"]
[Site "London"]
[Date "2019.12.01"]
[Round "1.4"]
[White "Pert, Nicholas"]
[Black "Jones, Gawain C B"]
[Result "0-1"]
[ECO "E61"]
[WhiteElo "2557"]
[BlackElo "2663"]
[Annotator "ChessBase"]
[PlyCount "118"]
[EventDate "2019.11.30"]
[EventType "k.o."]
[EventCountry "ENG"]
[SourceTitle "playchess.com"]
[Source "ChessBase"]
[SourceQuality "1"]
[TimeControl "5400+30"]

1. d4 Nf6 2. Nf3 g6 3. c4 Bg7 4. Nc3 O-O 5. Bg5 c5 6. d5 h6 7. Bh4 d6 8. e3 Bf5 9. Nd2 g5 10. Bg3 Nbd7 11. Be2 a6 12. O-O Qb6 13. e4 Bg6 14. Rb1 e6 15. a3 Rfe8 16. b4 cxb4 17. axb4 exd5 18. Nxd5 Nxd5 19. cxd5 Bxe4 20. Nc4 Qd8 21. Bd3 Bxd3 22. Qxd3 Ne5 23. Bxe5 Bxe5 24. Nxe5 Rxe5 25. Qd4 Qe7 26. Rbc1 Re8 27. h3 Qd7 28. f4 Rf5 29. Rf2 Qe7 30. fxg5 Rxf2 31. Qxf2 hxg5 32. Kh1 Qe4 33. Qd2 Re5 34. Rd1 g4 35. Qc3 Rh5 36. Kg1 gxh3 37. Qg3+ Qg6 38. Qxg6+ fxg6 39. gxh3 Rxh3 40. Rc1 Rb3 41. Rc8+ Kf7 42. Rc7+ Kf6 43. Rxb7 Ke5 44. Ra7 Rxb4 45. Rxa6 Rf4 46. Ra5 Rd4 47. Kf2 Rxd5 48. Ra8 Kf4 49. Ra4+ Kf5 50. Ke3 g5 51. Ra8 Re5+ 52. Kf2 Kf4 53. Ra4+ Re4 54. Ra5 Rd4 55. Ke2 g4 56. Ra8 Kg3 57. Rg8 Rf4 58. Rg5 Rf6 59. Rg8 Kh3 0-1

[Event "British KO-ch 2019"]
[Site "London"]
[Date "2019.12.09"]
[Round "4.2"]
[White "Adams, Michael"]
[Black "Howell, David W L"]
[Result "0-1"]
[ECO "B12"]
[WhiteElo "2692"]
[BlackElo "2701"]
[Annotator "ChessBase"]
[PlyCount "64"]
[EventDate "2019.11.30"]
[EventType "k.o."]
[EventCountry "ENG"]
[SourceTitle "playchess.com"]
[Source "ChessBase"]
[SourceQuality "1"]
[TimeControl "300+3"]

1. e4 c6 2. d4 d5 3. e5 Bf5 4. Nf3 e6 5. Be2 Ne7 6. O-O Ng6 7. a4 Nd7 8. Be3 f6 9. exf6 Qxf6 10. Bd3 Bd6 11. Bxf5 Qxf5 12. Nc3 O-O 13. Ne2 Rae8 14. Ng3 Qf6 15. c4 Nh4 16. Nxh4 Qxh4 17. cxd5 exd5 18. Qd2 h6 19. Rfe1 Nf6 20. f3 Bxg3 21. hxg3 Qxg3 22. Bf4 Qg6 23. Be5 Nd7 24. Ra3 c5 25. Rae3 Nxe5 26. Rxe5 Rxe5 27. Rxe5 Rxf3 28. dxc5 Rd3 29. Qe2 Rd4 30. Re7 Rxa4 31. Rxb7 Kh7 32. b4 d4 0-1

[Event "British KO-ch 2019"]
[Site "London"]
[Date "2019.12.07"]
[Round "4.4"]
[White "Adams, Michael"]
[Black "Howell, David W L"]
[Result "1/2-1/2"]
[ECO "B11"]
[WhiteElo "2692"]
[BlackElo "2701"]
[Annotator "ChessBase"]
[PlyCount "34"]
[EventDate "2019.11.30"]
[EventType "k.o."]
[EventCountry "ENG"]
[SourceTitle "playchess.com"]
[Source "ChessBase"]
[SourceQuality "1"]
[TimeControl "300+3"]

1. e4 c6 2. Nf3 d5 3. Nc3 dxe4 4. Nxe4 Nf6 5. Qe2 Be6 6. d3 g6 7. Nfg5 Nxe4 8. dxe4 Qc8 9. Nxe6 Qxe6 10. Qc4 Qxc4 11. Bxc4 Nd7 12. a4 Bg7 13. c3 Ne5 14. Be2 O-O-O 15. Be3 b6 16. Rd1 h5 17. f3 Rxd1+ 1/2-1/2

[Event "British KO-ch 2019"]
[Site "London"]
[Date "2019.12.09"]
[Round "4.6"]
[White "Adams, Michael"]
[Black "Howell, David W L"]
[Result "1/2-1/2"]
[ECO "E21"]
[WhiteElo "2692"]
[BlackElo "2701"]
[Annotator "RC"]
[PlyCount "102"]
[EventDate "2019.11.30"]
[EventType "k.o."]
[EventCountry "ENG"]
[SourceTitle "playchess.com"]
[Source "ChessBase"]
[SourceQuality "1"]
[TimeControl "300+3"]

1. c4 b6 2. d4 Bb7 3. Nc3 Nf6 4. Nf3 e6 5. g3 Bb4 6. Bg2 Bxc3+ 7. bxc3 d6 8. O-O Nbd7 9. Re1 O-O 10. Qc2 Be4 11. Qb3 e5 12. Bh3 Re8 13. Bb2 Bb7 14. Nh4 Ne4 15. Rad1 Ng5 16. Bg2 Bxg2 17. Kxg2 Qc8 18. Bc1 h6 19. Bxg5 hxg5 20. Nf5 Nf6 21. Ne3 Qe6 22. Nd5 Nxd5 23. cxd5 Qg6 24. Qc4 Rac8 25. e4 g4 26. h3 exd4 27. Qxd4 gxh3+ 28. Kxh3 Re5 29. Kg2 Rce8 30. f3 f5 31. Rh1 fxe4 32. f4 Rh5 33. Qe3 Kf7 34. c4 Reh8 35. Rde1 Rxh1 36. Rxh1 Rxh1 37. Kxh1 Kf6 38. Kg2 Kf5 39. Qa3 Qg4 40. Qe3 Qd1 41. Qc3 Qe2+ 42. Kh3 Qf1+ 43. Kh2 Qf2+ 44. Kh3 e3 45. Qxg7 e2 46. Qh7+ Kf6 47. Qh6+ Ke7 48. Qe6+ Kd8 49. Qg8+ Ke7 50. Qe6+ Kf8 51. Qf6+ Ke8 1/2-1/2